 Dungeon Crawl Stone Soup version 0.30.1 (webtiles) character file.

Game seed: 11462101325228050002

16 LynnLen the Sneak (level 2, -2/13 HPs)
             Began as a Spriggan Enchanter on July 4, 2023.
             Slain by a kobold
             ... wielding a +0 dagger
              (3 damage)
             ... on level 1 of the Dungeon.
             The game lasted 00:04:34 (517 turns).

LynnLen the Sneak (Spriggan Enchanter)               Turns: 517, Time: 00:04:35

Health: -2/13      AC:  2    Str:  4    XL:     2   Next: 37%
Magic:  6/6        EV: 17    Int: 16    God:
Gold:   29         SH:  0    Dex: 15    Spells: 6/6 levels left

rFire   . . .        a - +1 dagger
rCold   . . .        (no shield)
rNeg    . . .        b - +0 robe
rPois   .            (helmet restricted)
rElec   .            (no cloak)
rCorr   .            (gloves unavailable)
SInv    +            (boots unavailable)
Will    .....        (no amulet)
Stlth   +++          (no ring)
HPRegen 0.22/turn    (no ring)
MPRegen 0.10/turn

%: no passive effects
@: very quick
A: very small, no large weapons, unfitting armour, see invisible, speed 3
a: no special abilities


You were on level 1 of the Dungeon.
You visited 1 branch of the dungeon, and saw 1 of its levels.

You collected 29 gold pieces.

Inventory:

Hand Weapons
 a - a +1 dagger (weapon)
Missiles
 d - 7 stones (quivered)
Armour
 b - a +0 robe (worn)
Potions
 c - 2 potions of invisibility
 e - a potion of flight {unknown}


   Skills:
 - Level 1.1 Short Blades
 * Level 0.6 Throwing
 - Level 2.6 Dodging
 + Level 5.0 Stealth
 + Level 2.8 Spellcasting
 + Level 3.9 Hexes


You had 6 spell levels left.
You didn't know any spells.
Your spell library contained the following spells:

 Spells                   Type           Power      Damage    Failure   Level
 Confusing Touch          Hex            15%        N/A       11%         3
 Tukima's Dance           Hex            15%        N/A       11%         3
 Ensorcelled Hibernation  Hex/Ice        16%        N/A       13%         2
 Dazzling Flash           Conj/Hex       16%        N/A       26%         3


Dungeon Overview and Level Annotations

Branches:
Dungeon (1/15)

Altars:

Shops:
D:1 [


Innate Abilities, Weirdness & Mutations

You are very small and have problems with some larger weapons.
You are too small for most types of armour.
You have supernaturally acute eyesight. (SInv)
You cover ground extremely quickly. (Speed+++)


Message History

Found a dagger.
You see here a +0 dagger.
An endoplasm comes into view.
You see here a +0 club.
You hit the ball python.
You kill the ball python!
Found a ruby potion.
A kobold comes into view. It is wielding a +0 dagger.
The endoplasm quivers.
The endoplasm jiggles.
You hit the endoplasm.
The endoplasm is heavily wounded.
The endoplasm freezes you.
You are frozen.
You hit the endoplasm.
You kill the endoplasm!
The kobold throws a stone.
The stone closely misses you. The kobold hits you with a +0 dagger.
The kobold barely misses you.
You closely miss the kobold. The kobold hits you with a +0 dagger.
You hit the kobold.
The kobold is moderately wounded.
You barely miss the kobold.
The kobold is moderately wounded.
The kobold misses you.
You hit the kobold.
The kobold is severely wounded.
The kobold hits you with a +0 dagger.
You barely miss the kobold. Your punch misses the kobold.
The kobold is severely wounded.
The kobold hits you with a +0 dagger.
You barely miss the kobold.
The kobold is severely wounded.
The kobold hits you with a +0 dagger.
* * * LOW HITPOINT WARNING * * *
You hit the kobold but do no damage.
The kobold is severely wounded.
The kobold hits you but does no damage. The kobold hits you with a +0 dagger.
You die...

. #. #! #.# #.###J##. # #.## #.#
#.# #..(.....# # #....#.#.
##.###........# # ###..>.#.
.####...##..?.....# # .........#
.................# # .........#
#.# ...##........# #
#...###..###.###K# #........####
#.#.#⌠#........@.# #........#...
##.#.###......#####
#.###.####.#. .........####.#
#.###.####.#. ##.#...#.# ##.##
###............
#.......###...####...##########.
###.......##....)...#.# #. #
#.##.##.##.#.#.##.†.# #. #
#.##.##.##.....###.## #. #
#..........#.#.# #.# #.


You could see a kobold.

Vanquished Creatures
  2 endoplasms (D:1)
  2 giant cockroaches (D:1)
  A hobgoblin (D:1)
  2 quokkas (D:1)
  A ball python (D:1)
  2 bats (D:1)
  A frilled lizard (D:1)
  A kobold (D:1)
  4 rats (D:1)
16 creatures vanquished.

Notes
Turn   | Place    | Note
-------+----------+-------------------------------------------
     0 | D:1      | LynnLen the Spriggan Enchanter began the quest for the Orb.
     0 | D:1      | Reached XP level 1. HP: 9/9 MP: 5/5
   257 | D:1      | Found Voyfoc's Antique Armour Emporium.
   302 | D:1      | Reached XP level 2. HP: 13/13 MP: 6/6
   440 | D:1      | Reached skill level 5 in Stealth
   517 | D:1      | Slain by a kobold

Illustrated notes

Levels and vault maps discovered:
D:1:      dpeg_arrival_yet_another_circle, layout_loops_ring, serial_shops,
          shop, serial_glass, glass_columns_a, glass_columns_b,
          due_unseen_surprise, feat_on_display, minmay_strange_pillars,
          item_on_display_a

Skill      XL: |  1  2 |
---------------+-------+-----
Stealth        | 5 |  5.0
Short Blades   | |  1.1
Throwing       | |  0.6
Dodging        | |  2.6
Spellcasting   | |  2.8
Hexes          | |  3.9

Action                     || total
---------------------------++-------
  Melee: Dagger            ||    48
   Stab: Sleeping          ||     6
 Armour: Robe              ||     6
  Dodge: Dodged            ||    25
